 Dungeon Crawl Stone Soup version 0.31-a0-1-g4198be8af4 (webtiles) character file.

Game seed: 9442283371207475999

78 subawu the Ducker (level 4, -4/40 HPs)
             Began as a Troll Hedge Wizard on May 1, 2023.
             Slain by a gnoll
             ... wielding a +0 spear
             ... led by a gnoll sergeant
              (8 damage)
             ... on level 3 of the Dungeon.
             The game lasted 00:15:43 (2560 turns).

subawu the Ducker (Troll Hedge Wizard)              Turns: 2560, Time: 00:15:44

Health: -4/40      AC:  4    Str: 17 (18) XL:     4   Next: 15%
Magic:  4/6        EV: 10    Int:  9 (10) God:
Gold:   113        SH:  0    Dex: 10 (11) Spells: 6/7 levels left

rFire   + . .        g - +1 spear
rCold   . . .        (no shield)
rNeg    . . .        b - +0 robe
rPois   .            c - +0 hat
rElec   .            (no cloak)
rCorr   .            (gloves unavailable)
SInv    .            (boots unavailable)
Will    .....        (no amulet)
Stlth   +            j - ring of protection from fire
HPRegen 1.06/turn    (no ring)
MPRegen 0.10/turn

%: no passive effects
@: lethally poisoned (-4 -> -22), very slightly contaminated
A: large, unfitting armour, claws 3, regeneration 1, shaggy fur 1, tough skin 1
a: no special abilities


You were on level 3 of the Dungeon.
You visited 1 branch of the dungeon, and saw 3 of its levels.

You collected 113 gold pieces.

Inventory:

Hand Weapons
 f - a +0 sling
 g - a +1 spear (weapon)
 h - a +0 lajatang of electrocution
 i - a +0 sling
 m - a +0 dagger
 n - a +0 hand axe
 o - a +0 vampiric hand axe
 p - a +0 dagger
 q - a +0 short sword
 r - a +0 spear
 t - a +0 spear
 x - a +0 club
 y - a +0 short sword
Missiles
 s - 4 javelins (quivered)
 v - 15 stones
Armour
 b - a +0 robe (worn)
 c - a +0 hat (worn)
 e - a +0 robe
 l - a +0 robe
 B - a +0 leather armour
 C - a +0 scale mail
Jewellery
 j - a ring of protection from fire (left claw)
Scrolls
 k - 2 scrolls of identify
 w - a scroll of vulnerability
Potions
 a - a potion of lignification {unknown}
 d - a potion of magic
 u - a potion of might {unknown}
 A - a potion of flight
 D - a potion of degeneration
 E - a potion of invisibility {unknown}
 F - a potion of berserk rage {unknown}


   Skills:
 + Level 0.9 Fighting
 + Level 0.1 Short Blades
 + Level 0.9 Polearms
 + Level 2.4 Dodging
 + Level 1.2 Stealth
 + Level 2.3 Spellcasting
 + Level 0.8 Conjurations
 + Level 0.6 Summonings
 + Level 0.6 Translocations


You had 6 spell levels left.
You knew the following spells:

 Your Spells              Type           Power      Damage    Failure   Level
a - Magic Dart            Conj           8%         1d3       22%         1

Your spell library contained the following spells:

 Spells                   Type           Power      Damage    Failure   Level
 Slow                     Hex            4%         N/A       32%         1
 Blink                    Tloc           4%         N/A       36%         2
 Call Imp                 Summ           4%         N/A       36%         2
 Lesser Beckoning         Tloc           4%         N/A       36%         2
 Momentum Strike          Conj/Tloc      4%         3d8       36%         2
 Cigotuvi's Dreadful Rot  Necr/Pois/Air  2%         N/A       45%         2
 Mephitic Cloud           Conj/Pois/Air  1%         N/A       65%         3
 Manifold Assault         Tloc           2%         N/A       94%         4
 Storm Form               Tmut/Air       0%         N/A       100%        7


Dungeon Overview and Level Annotations

Branches:
Dungeon (3/15)

Altars:
Ashenzari
Makhleb
Qazlal
Sif Muna
Trog

Shops:
D:1 =


Innate Abilities, Weirdness & Mutations

You are too large for most types of armour.
You have claws for hands.
Your natural rate of healing is unusually fast.
You are covered in fur. (AC +1)
You have tough skin. (AC +1)


Message History

You are poisoned.
Welcome back, subawu the Troll Hedge Wizard.
Press ? for a list of commands and other information.
Casting: Magic Dart (safe; 22% risk of failure)
Confirm with . or Enter, or press ? or * to list all spells.
Aiming: Magic Dart (safe; 22% risk of failure)
Press: ? - help, Shift-Dir - straight line, f - gnoll sergeant
Aim: a gnoll sergeant, wielding a +0 spear of venom and wearing a +0 ring mail of cold resistance (100% to hit)
You miscast Magic Dart.
You are very lightly contaminated with residual magic.
Nothing appears to happen.
You feel sick.
The gnoll sergeant hits you from afar with a +0 spear of venom.
You are more poisoned.
You feel better. The gnoll sergeant closely misses you.
The gnoll hits you from afar with a +0 spear.
The gnoll misses you.
The gnoll sergeant hits you with a +0 spear of venom.
You hit the gnoll sergeant.
The gnoll sergeant is lightly wounded.
The gnoll hits you with a +0 spear! The gnoll sergeant barely misses you.
You hit the gnoll sergeant.
The gnoll sergeant is lightly wounded.
The gnoll sergeant hits you with a +0 spear of venom.
The gnoll barely misses you.
You hit the gnoll sergeant but do no damage.
The gnoll sergeant is lightly wounded.
A gnoll comes into view. It is wielding a +0 halberd.
The gnoll sergeant hits you with a +0 spear of venom.
You are poisoned.
The gnoll hits you with a +0 spear.
You barely miss the gnoll sergeant.
The gnoll sergeant is lightly wounded.
You feel very sick.
The gnoll shouts!
A gnoll comes into view. It is wielding a +0 halberd.
The gnoll sergeant hits you with a +0 spear of venom!
* * * LOW HITPOINT WARNING * * *
You are more poisoned.
The gnoll hits you with a +0 spear!
You die...

#.######....##.# #.#
#....##.# #.# ####.#### #.#
##.## ..# #...# # ## #...#
.# #...#####.####. #####
#####...##......... #....
...........>.@#.#...# #....
####........gg..# # #......
.. #........g.### ...#....
.# #.#........### .# #....
.# #.#.......g.. ##### ..#
..........### .##.
##.........## ##### .##.#
#.........##.# #....
.#.#.##.........##.########
#.###


You could see a gnoll sergeant and 3 gnolls.

Vanquished Creatures
  2 adders (D:2)
  2 worms
  3 dart slugs (D:2)
  3 ball pythons
  5 endoplasms
  4 giant cockroaches
  3 goblins (D:1)
  7 hobgoblins
  A quokka (D:2)
  3 bats
  6 frilled lizards
  5 kobolds
  5 rats
49 creatures vanquished.

Vanquished Creatures (others)
  5 fungi (D:1)
  7 plants (D:1)
12 creatures vanquished.

Grand Total: 61 creatures vanquished

Notes
Turn   | Place    | Note
-------+----------+-------------------------------------------
     0 | D:1      | subawu the Troll Hedge Wizard began the quest for the Orb.
     0 | D:1      | Reached XP level 1. HP: 16/16 MP: 2/2
   189 | D:1      | Identified a scroll of acquirement
   189 | D:1      | Acquired a +0 lajatang of electrocution
   421 | D:1      | Reached XP level 2. HP: 17/24 MP: 4/4
   770 | D:1      | Found a faded altar of an unknown god.
   901 | D:1      | Found Pyesauni's Jewellery Boutique.
  1329 | D:2      | Reached XP level 3. HP: 20/32 MP: 5/5
  1918 | D:3      | Reached XP level 4. HP: 40/40 MP: 6/6
  2350 | D:3      | Found a broken altar of Ashenzari.
  2353 | D:3      | Found a bloodstained altar of Trog.
  2355 | D:3      | Found a shimmering blue altar of Sif Muna.
  2356 | D:3      | Found a burning altar of Makhleb.
  2356 | D:3      | Found a stormy altar of Qazlal.
  2544 | D:3      | Noticed a gnoll sergeant
  2560 | D:3      | Slain by a gnoll

Illustrated notes

Levels and vault maps discovered:
D:1:      lemuel_arrival_funnel, layout_basic,
          shapermc_ecumenical_altar_mp_urbaneastern, serial_shops,
          nicolae_shop_rolling_square
D:2:      layout_basic
D:3:      layout_loops_cross, grunt_temple_overflow_open,
          mainiacjoe_overflow_alcove_2, nicolae_overflow_hidden_temple,
          serial_co_window_serial, co_window_corner_a, co_window_paths_a,
          co_window_cross_1, co_window_corner_a, co_window_of_opportunity_a,
          co_window_2corner, co_window_corner_b, co_window_broadway_b,
          co_window_corner_ca, glass_columns_b, glass_columns_a, glass_columns_c

Skill      XL: |  1  2  3 |
---------------+----------+-----
Dodging        | 2 |  2.4
Fighting       | |  0.9
Short Blades   | |  0.1
Polearms       | |  0.9
Stealth        | |  1.2
Spellcasting   | |  2.3
Conjurations   | |  0.8
Summonings     | |  0.6
Translocations | |  0.6

Action                     |  1- 3 |  4- 6 || total
---------------------------+-------+-------++-------
  Melee: Spear             |   186 |    21 ||   207
         Dagger            |    12 |       ||    12
         Punch             |     4 |       ||     4
   Cast: Magic Dart        |     1 |     1 ||     2
    Use: Scroll            |     6 |     1 ||     7
         Potion            |     2 |     2 ||     4
   Stab: Sleeping          |       |     1 ||     1
 Armour: Robe              |   111 |     3 ||   114
  Dodge: Dodged            |   146 |    10 ||   156

Table legend: (Time is in decaauts)
 A = Elapsed time spent in this place.
 B = Non-inter-level travel time spent in this place.
 C = Inter-level travel time spent in this place.
 D = Time resting spent in this place.
 E = Time spent auto-exploring this place.
 F = Levels seen in this place.
 G = Mean time per level.
                   A        B        C        D        E       F      G
               +--------+--------+--------+--------+--------+-----+--------+
         Total |   2577 |   2449 |    128 |     17 |      0 |   3 |  859.0 |
       Dungeon |   2577 |   2449 |    128 |     17 |      0 |   3 |  859.0 |
               +--------+--------+--------+--------+--------+-----+--------+

Top non-repeatable levels by time:
     D:1: 1124 daAuts
     D:2: 792 daAuts
     D:3: 659 daAuts
